 Dungeon Crawl Stone Soup version 0.21-a0-346-g330ab2c (webtiles) character file.

9 Hasart the Sneak (level 2, -2/17 HPs)
             Began as a Kobold Assassin on Oct 5, 2017.
             Slain by a gnoll
             ... wielding a +0 spear
              (3 damage)
             ... on level 1 of the Dungeon.
             The game lasted 00:01:30 (207 turns).

Hasart the Sneak (Kobold Assassin)                   Turns: 207, Time: 00:01:31

Health: -2/17      AC:  4    Str:  8    XL:     2   Next: 25%
Magic:  2/2        EV: 14    Int: 12    God:
Gold:   20         SH:  0    Dex: 16    Spells: 1/1 levels left

rFire    . . .     SeeInvis .   a - +2 dagger
rCold    . . .     Gourm    .   (shield restricted)
rNeg     . . .     Faith    .   c - +0 robe
rPois    .         Spirit   .   (no helmet)
rElec    .         Reflect  .   d - +0 cloak
rCorr    .         Harm     .   (no gloves)
MR       .....                  i - +0 pair of boots
Stlth    +++.......             (no amulet)
HPRegen  0.05/turn              (no ring)
MPRegen  0.08/turn              (no ring)

@: no status effects
A: carnivore 3
a: no special abilities


You were on level 1 of the Dungeon.
You were completely stuffed.

You visited 1 branch of the dungeon, and saw 1 of its levels.

You collected 20 gold pieces.

Inventory:

Hand Weapons
 a - a +2 dagger (weapon)
 b - a +0 blowgun
Missiles
 e - 8 poisoned needles
 f - 2 curare-tipped needles
Armour
 c - a +0 robe (worn)
 d - a +0 cloak (worn)
 i - a +0 pair of boots (worn)
Scrolls
 k - a scroll of teleportation {unknown}
 l - a scroll of fear {unknown}
Potions
 h - a potion of lignification {unknown}
Comestibles
 g - a meat ration
 j - 2 chunks of flesh


   Skills:
 - Level 2.1 Fighting
 + Level 3.8 Short Blades
 - Level 2.1 Throwing
 - Level 1.2 Dodging
 - Level 5.3 Stealth


You had one spell level left.
You didn't know any spells.

Dungeon Overview and Level Annotations

Branches:
Dungeon (1/15)

Altars:


Innate Abilities, Weirdness & Mutations

You are small and have problems with some larger weapons.
You are carnivorous and can eat meat at any time.


Message History

You kill the kobold!
Things that are here:
a dagger; 3 stones As you open the door, it creaks loudly!
There is an open door here.
A gnoll comes into view. It is wielding a spear.
The gnoll misses you.
A gnoll is nearby!
The gnoll hits you with a spear.
You barely miss the gnoll. The gnoll completely misses you.
You hit the gnoll but do no damage. You hit the gnoll.
The gnoll is moderately wounded.
The gnoll hits you with a spear!
Ouch! That really hurt!
* * * LOW HITPOINT WARNING * * *
You hit the gnoll but do no damage.
The gnoll is moderately wounded.
The gnoll hits you with a spear.
You die...

#..#.## #.%....#...#
########..#.##.######.########.
..........#.##.# #..........
#########.#.##.# #...#######
#.#.##.# #...# ..# #.#'##.#
#.#.# #.# #..).#.# #.#.# #.#
#....#g# #.#.# ##.'
#....#@######.#.## #..#
#........!....#..# ##.#
#....##########..#.##.#
#....### #....##.# #.#.....#
### #.#..##.# #.#.....+
...#.#..##.# ..#.....#
#.#.#..##.# ## #..)..#
#.........+ #.....#
#####.##.#..#


You could see a gnoll.

Vanquished Creatures
  2 bats (D:1)
  4 hobgoblins (D:1)
  A kobold (D:1)
  A frilled lizard (D:1)
8 creatures vanquished.

Notes
Turn   | Place    | Note
-------+----------+-------------------------------------------
     0 | D:1      | Hasart the Kobold Assassin began the quest for the Orb.
     0 | D:1      | Reached XP level 1. HP: 12/12 MP: 1/1
   119 | D:1      | Reached XP level 2. HP: 17/17 MP: 2/2
   207 | D:1      | Slain by a gnoll

Vault maps used:
D:1:      roderic_octagonal_star

Skill      XL: |  1 |
---------------+----+-----
Short Blades   | 3 |  3.8
Fighting       | |  2.1
Throwing       | |  2.1
Dodging        | |  1.2
Stealth        | |  5.3

Action                   || total
-------------------------++-------
Melee: Dagger            ||    16
 Stab: Sleeping          ||     6
  Eat: Chunk             ||     6
Armor: Robe              ||     2
Dodge: Dodged            ||     9

Table legend:
 A = Spawn XP
 B = Non-spawn XP
 C = Spawn XP percentage of total XP
 D = Spawn monster count
 E = Non-spawn monster count
 F = Spawn count percentage of total count
 G = Total turns spent on level
                    A         B        C        D         E        F      G
               +---------+---------+-------+---------+---------+-------+---------
         Total |       0 |      14 |   0.0 |       0 |       8 |   0.0 |   207
               +---------+---------+-------+---------+---------+-------+---------
           D:1 |       0 |      14 |   0.0 |       0 |       8 |   0.0 |   207
               +---------+---------+-------+---------+---------+-------+---------
